 Dungeon Crawl Stone Soup version 0.30.0-19-g36f170ea60 (webtiles) character file.

Game seed: 5709182861376546679

44 tizbic2 the Gusty (level 3, -5/31 HPs)
             Began as an Ogre Air Elementalist on May 30, 2023.
             Killed from afar by Sigmund (7 damage)
             ... with a puff of flame
             ... on level 3 of the Dungeon.
             The game lasted 00:05:42 (1396 turns).

tizbic2 the Gusty (Ogre Air Elementalist)           Turns: 1396, Time: 00:05:43

Health: -5/31      AC:  3    Str: 12    XL:     3   Next: 60%
Magic:  4/7        EV: 10    Int: 18    God:
Gold:   78         SH:  0    Dex:  9    Spells: 5/8 levels left

rFire   . . .        o - +0 spear
rCold   . . .        (no shield)
rNeg    . . .        a - +0 robe
rPois   .            (helmet restricted)
rElec   .            (no cloak)
rCorr   .            (gloves unavailable)
SInv    .            (boots unavailable)
Will    +....        (no amulet)
Stlth   +            d - ring of willpower
HPRegen 0.25/turn    (no ring)
MPRegen 0.10/turn

%: no passive effects
@: very slightly contaminated
A: large, unfitting armour, tough skin 1
a: no special abilities


You were on level 3 of the Dungeon.
You visited 1 branch of the dungeon, and saw 3 of its levels.

You collected 78 gold pieces.

Inventory:

Hand Weapons
 o - a +0 spear (weapon)
Missiles
 e - 2 poisoned darts
 i - 32 stones
Armour
 a - a +0 robe (worn)
Jewellery
 d - a ring of willpower (left hand)
Scrolls
 g - a scroll of magic mapping {unknown}
 j - a scroll of noise {unknown}
 k - 2 scrolls of enchant weapon {unknown}
 l - a scroll of teleportation {unknown}
 m - a scroll of identify {unknown}
 n - a scroll of amnesia {unknown}
Potions
 c - a potion of attraction {unknown}
 f - 5 potions of lignification {unknown}
 h - 2 potions of degeneration {unknown}


   Skills:
 + Level 2.2 Dodging
 - Level 1.5 Stealth
 + Level 3.0 Spellcasting
 + Level 1.5 Conjurations
 + Level 3.0 Air Magic


You had 5 spell levels left.
You knew the following spells:

 Your Spells              Type           Power      Damage    Failure   Level
a - Shock                 Conj/Air       44%        1d5       6%          1
b - Static Discharge      Conj/Air       22%        2-3/arc   10%         2

Your spell library contained the following spells:

 Spells                   Type           Power      Damage    Failure   Level
 Swiftness                Air            13%        N/A       14%         3
 Airstrike                Air            6%         2d(1-17)  41%         4


Dungeon Overview and Level Annotations

Branches:
Dungeon (3/15)

Altars:

Annotations:
D:3 Sigmund


Innate Abilities, Weirdness & Mutations

You are too large for most types of armour.
You have tough skin. (AC +1)


Message History

Sigmund hits you with a +0 scythe!
* * * LOW HITPOINT WARNING * * *
Magic courses through your body.
Sigmund drinks a potion.
Sigmund's spells are empowered!
Casting: Static Discharge (safe; 10% risk of failure)
Confirm with . or Enter, or press ? or * to list all spells.
Aiming: Shock (safe; 6% risk of failure)
Press: ? - help, Shift-Dir - straight line The zap misses Sigmund.
The zap hits Sigmund but does no damage.
Sigmund is heavily wounded.
Sigmund hits you with a +0 scythe.
* * * LOW HITPOINT WARNING * * *
Casting: Shock (safe; 6% risk of failure)
Confirm with . or Enter, or press ? or * to list all spells.
Aiming: Shock (safe; 6% risk of failure)
Press: ? - help, Shift-Dir - straight line The zap hits Sigmund.
Sigmund is severely wounded.
The zap hits Sigmund.
Sigmund is almost dead.
Sigmund closely misses you.
Casting: Shock (safe; 6% risk of failure)
Confirm with . or Enter, or press ? or * to list all spells.
Aiming: Shock (safe; 6% risk of failure)
Press: ? - help, Shift-Dir - straight line You miscast Shock.
You are very lightly contaminated with residual magic.
Nothing appears to happen.
You hear the slow rusting of a drain very nearby.
Unknown command.
Casting: Shock (safe; 6% risk of failure)
Confirm with . or Enter, or press ? or * to list all spells.
Aiming: Shock (safe; 6% risk of failure)
Press: ? - help, Shift-Dir - straight line The zap misses Sigmund.
The zap hits Sigmund.
Sigmund is almost dead.
Sigmund casts a spell at you. The puff of flame hits you!
You die...

# ### .# ..# . #.# .#
########.######.##...
#.............@......
#.######.####@#. #.#
#.....#....... #.#
######.##..... #.# ##
#... #.# .. #.# #.#
#.# ####.#


You could see Sigmund (empowered).

Vanquished Creatures
  An adder (D:3)
  A dart slug (D:1)
  4 endoplasms
  A giant cockroach (D:2)
  A goblin (D:2)
  A hobgoblin (D:1)
  2 kobolds
  A quokka (D:1)
  5 ball pythons
  7 bats
  3 frilled lizards (D:2)
  4 rats
31 creatures vanquished.

Notes
Turn   | Place    | Note
-------+----------+-------------------------------------------
     0 | D:1      | tizbic2 the Ogre Air Elementalist began the quest for the
                  | Orb.
     0 | D:1      | Reached XP level 1. HP: 16/16 MP: 3/3
    48 | D:1      | Reached skill level 1 in Conjurations
   138 | D:1      | Reached XP level 2. HP: 17/24 MP: 2/5
   833 | D:2      | Learned a level 2 spell: Static Discharge
   879 | D:2      | Reached XP level 3. HP: 26/31 MP: 4/7
  1379 | D:3      | Noticed Sigmund
  1393 | D:3      | HP: 1/31 [Sigmund/+0 scythe (4)]
  1396 | D:3      | Killed from afar by Sigmund

Illustrated notes

Levels and vault maps discovered:
D:1:      heliophobic_arrival_battle_scene, layout_loops_ring
D:2:      layout_loops_cross, minmay_liquid_box, dreamdust_wishing_well,
          amcnicky_mini_rare_corridor_liquid, serial_bayou_crossing
D:3:      layout_loops_ring, mainiacjoe_overflow_cross_hatched,
          mainiacjoe_overflow_tiny_flanked, mainiacjoe_overflow_paths,
          lightli_sewer_entry_pipes, uniq_sigmund, uniq_crazy_yiuf_cottage

Skill      XL: |  1  2  3 |
---------------+----------+-----
Conjurations   | 1 |  1.5
Dodging        | 2 |  2.2
Air Magic      | 3 |  3.0
Spellcasting   | 3 |  3.0
Stealth        | |  1.5

Action                     || total
---------------------------++-------
  Melee: Unarmed           ||    16
         Short sword       ||    15
         Spear             ||    13
   Cast: Shock             ||    42
         Static Discharge  ||     4
    Use: Potion            ||     1
   Stab: Sleeping          ||     3
 Armour: Robe              ||    26
  Dodge: Dodged            ||    40
